 Dungeon Crawl Stone Soup version 0.28.0-43-g3370ac3207 (webtiles) character file.

Game seed: 3323703624378728140

2744 fknight the Spear-Bearer (level 9, 0/111 HPs)
             Began as a Gnoll Berserker on Mar 9, 2022.
             Was a Priest of Trog.
             Slain by a gnoll
             ... wielding a +0 halberd
              (8 damage)
             ... in a bailey.
             The game lasted 00:23:39 (7894 turns).

fknight the Spear-Bearer (Gnoll Berserker)          Turns: 7894, Time: 00:23:42

Health: 0/111      AC: 20    Str: 19    XL:     9   Next: 68%
Magic:  15/15      EV:  8    Int:  7    God:    Trog [***...]
Gold:   457        SH:  0    Dex: 13    Spells: 17/17 levels left

rFire   . . .      SeeInvis .   a - +2 spear (flame)
rCold   . . .      Faith    .   (no shield)
rNeg    . . .      Spirit   .   p - +0 plate armour
rPois   .          Reflect  .   h - +0 helmet
rElec   .          Harm     .   (no cloak)
rCorr   .          Rampage  .   (no gloves)
Will    ++...                   o - +1 pair of boots
Stlth   ..........              (no amulet)
HPRegen 1.28/turn               y - +4 ring of protection
MPRegen 0.14/turn               (no ring)

@: berserking (expiring), strong-willed, regenerating, very quick
A: fangs 1, strong nose, distributed training
a: Renounce Religion, Berserk, Trog's Hand


You were in a bailey.
You worshipped Trog.
Trog was most pleased with you.
You visited 1 branch of the dungeon, and saw 7 of its levels.
You also visited: Bailey.

You collected 457 gold pieces.

Inventory:

Hand Weapons
 a - a +2 spear of flaming (weapon)
 e - a +0 halberd
 i - a +0 hunting sling
 j - the +8 mace of Imbalance {venom, *Slow Str+5}
   (You found it on level 4 of the Dungeon)

   It poisons the flesh of those it strikes.
   Str:       It affects your strength (+5).
   *Slow:     It may slow you when you take damage.
 r - a +0 glaive
 t - a +0 halberd
 u - a +0 glaive
 x - a +1 dire flail of protection
 B - a +6 dagger of speed
Missiles
 g - 19 sling bullets
 m - 129 stones (quivered)
 s - 4 javelins
 v - 14 poisoned darts
Armour
 c - a +0 chain mail
 d - a +2 robe of positive energy
 h - a +0 helmet (worn)
 o - a +1 pair of boots (worn)
 p - a +0 plate armour (worn)
 w - a +2 ring mail of poison resistance
 C - a +3 leather armour of fire resistance
Jewellery
 y - a +4 ring of protection (left hand)
Wands
 b - a wand of acid (13)
 A - a wand of digging (2)
Scrolls
 f - 5 scrolls of identify
Potions
 k - a potion of cancellation {unknown}
 l - a potion of lignification {unknown}
 n - a potion of berserk rage {unknown}
 q - 2 potions of heal wounds
 E - a potion of curing


   Skills:
 + Level 8.0 Fighting
 + Level 4.5 Short Blades
 + Level 4.5 Long Blades
 + Level 4.5 Axes
 + Level 4.5 Maces & Flails
 + Level 8.0 Polearms
 + Level 4.5 Staves
 + Level 4.5 Slings
 + Level 4.5 Bows
 + Level 4.5 Crossbows
 + Level 4.5 Throwing
 + Level 6.5 Armour
 + Level 6.5 Dodging
 + Level 4.5 Stealth
 + Level 4.5 Shields
 + Level 4.5 Unarmed Combat
 + Level 4.5 Spellcasting
 + Level 3.7 Conjurations
 + Level 3.7 Hexes
 + Level 3.7 Summonings
 + Level 3.7 Necromancy
 + Level 3.7 Translocations
 + Level 3.7 Transmutations
 + Level 3.7 Fire Magic
 + Level 3.7 Ice Magic
 + Level 3.7 Air Magic
 + Level 3.7 Earth Magic
 + Level 3.7 Poison Magic
 + Level 4.9 Invocations
 + Level 4.5 Evocations


You had 17 spell levels left.
You didn't know any spells.
Your spell library was empty.

Dungeon Overview and Level Annotations

Branches:
Dungeon (7/15)             Temple (0/1) D:6          Bailey (1/1)

Altars:

Shops:
D:4 :   D:6 *

Annotations:
D:6 2 transporters, WaxSun's ghost, novice FoCK


Innate Abilities, Weirdness & Mutations

You have very sharp teeth.
Your uncanny sense of smell can sniff out nearby items.
Your experience applies equally to all skills.


Message History

The gnoll hits you from afar with a +0 halberd!
You shred the net and break free!
The gnoll sergeant hits you from afar with a +0 halberd!
* * * LOW HITPOINT WARNING * * *
The gnoll throws a throwing net.
The throwing net completely misses you.
The gnoll sergeant hits you but does no damage.
A red film seems to cover your vision as you go berserk!
You feel yourself moving faster!
You feel mighty!
The gnoll shaman calls upon its god to speed up the gnoll.
The gnoll seems to speed up.
The gnoll sergeant barely misses you.
The gnoll hits you from afar with a +0 halberd.
* * * LOW HITPOINT WARNING * * *
You are too injured to fight recklessly!
You are too injured to fight recklessly!
A gnoll sergeant comes into view. It is wielding a +0 bardiche.
You feel a strong urge to attack something.
The gnoll sergeant shouts!
The gnoll misses you.
A wolf comes into view.
The gnoll shaman hits you but does no damage.
The gnoll sergeant hits you with a +0 halberd!
* * * LOW HITPOINT WARNING * * *
There is an open door, spattered with blood here.
The gnoll sergeant hits you from afar with a +0 halberd!
* * * LOW HITPOINT WARNING * * *
The gnoll barely misses you.
The gnoll shaman invokes the aid of its god against you.
You resist with almost no effort.
Reach: a) +2 spear (flame)
Press: ? - help, Dir - move target, f - gnoll
Aim: a gnoll, wielding a +0 halberd and wearing a +0 ring mail (about 25% to evade your +2 spear of flaming)
You reach to attack!
You hit the gnoll but do no damage.
The gnoll sergeant hits you but does no damage.
Reach: a) +2 spear (flame)
Press: ? - help, Dir - move target, f/p - gnoll
Aim: a gnoll, wielding a +0 halberd and wearing a +0 ring mail (about 25% to evade your +2 spear of flaming)
You reach to attack!
You puncture the gnoll! You burn the gnoll.
The gnoll is almost dead.
The gnoll hits you from afar with a +0 halberd!
You die...

≈≈≈≈≈≈≈≈≈♣♣ ≈..
########...≈≈♣ ..#
.....8.##...≈♣ ..#∆
h..g....##..≈♣ ..#∆
.......#..≈♣ ..#∆
#####..hg.#..≈♣ ..#
##...##.ggg#..≈♣
..######.....###'##..≈♣
..'...#.......#.@....≈♣
..'...'...8...'.)....≈♣
..'...#.......#..(...≈♣
..######.....###'##..≈♣
..#.'..##...##....#..≈♣
..#.#...#####.))).#..≈♣
..#.#....)'.......#..≈♣
..#|#....)#......##..≈♣
..###.8...#...8.##...≈♣


You could see 2 gnoll sergeants, a wolf, a gnoll shaman and 2 gnolls.

Vanquished Creatures
  A hydra (D:7)
  A water moccasin (D:6)
  A necrophage (D:6)
  2 wolves (Bailey)
  2 ogres
  Blork the orc (D:4)
  6 gnoll sergeants (Bailey)
  4 killer bees (D:5)
  A howler monkey (D:4)
  4 hounds
  2 jellies
  3 centaur skeletons
  6 gnoll shamans
  2 bullfrog skeletons
  Ijyb (D:4)
  An iguana (D:4)
  Robin (D:2)
  A howler monkey skeleton (D:4)
  15 gnolls
  8 adders
  2 river rats (D:4)
  A white imp (D:7)
  2 worms
  4 dart slugs
  8 orcs
  4 bats
  6 endoplasms
  10 giant cockroaches
  9 goblins
  11 hobgoblins
  2 jackals (D:1)
  6 quokkas
  4 ball pythons
  3 frilled lizards
  5 kobolds
  9 rats
149 creatures vanquished.

Vanquished Creatures (collateral kills)
  A centaur zombie (D:5)
  A hound (D:5)
  2 orcs (D:5)
4 creatures vanquished.

Grand Total: 153 creatures vanquished

Notes
Turn   | Place    | Note
-------+----------+-------------------------------------------
     0 | D:1      | fknight the Gnoll Berserker began the quest for the Orb.
     0 | D:1      | Reached XP level 1. HP: 23/23 MP: 1/1
   305 | D:1      | Reached XP level 2. HP: 25/29 MP: 2/2
   574 | D:1      | Reached XP level 3. HP: 35/35 MP: 3/3
  1042 | D:2      | Reached skill level 1 in Invocations
  1087 | D:2      | Reached ** piety under Trog
  1091 | D:2      | Noticed Robin
  1110 | D:2      | Killed Robin
  1111 | D:2      | Reached skill level 1 in Short Blades
  1111 | D:2      | Reached skill level 1 in Long Blades
  1111 | D:2      | Reached skill level 1 in Axes
  1111 | D:2      | Reached skill level 1 in Maces & Flails
  1111 | D:2      | Reached skill level 1 in Staves
  1111 | D:2      | Reached skill level 1 in Slings
  1111 | D:2      | Reached skill level 1 in Bows
  1111 | D:2      | Reached skill level 1 in Crossbows
  1111 | D:2      | Reached skill level 1 in Throwing
  1111 | D:2      | Reached skill level 1 in Stealth
  1111 | D:2      | Reached skill level 1 in Shields
  1111 | D:2      | Reached skill level 1 in Unarmed Combat
  1111 | D:2      | Reached skill level 1 in Spellcasting
  1111 | D:2      | Reached skill level 1 in Evocations
  1188 | D:2      | Reached XP level 4. HP: 41/41 MP: 5/5
  2181 | D:3      | Reached skill level 1 in Conjurations
  2181 | D:3      | Reached skill level 1 in Hexes
  2181 | D:3      | Reached skill level 1 in Summonings
  2181 | D:3      | Reached skill level 1 in Necromancy
  2181 | D:3      | Reached skill level 1 in Translocations
  2181 | D:3      | Reached skill level 1 in Transmutations
  2181 | D:3      | Reached skill level 1 in Fire Magic
  2181 | D:3      | Reached skill level 1 in Ice Magic
  2181 | D:3      | Reached skill level 1 in Air Magic
  2181 | D:3      | Reached skill level 1 in Earth Magic
  2181 | D:3      | Reached skill level 1 in Poison Magic
  2203 | D:3      | Found a faded altar of an unknown god.
  2868 | D:3      | Reached XP level 5. HP: 41/47 MP: 5/7
  3086 | D:4      | Noticed Blork the orc
  3107 | D:4      | Reached *** piety under Trog
  3146 | D:4      | HP: 3/70 [Blork the orc/puff of frost (11)]
  3149 | D:4      | Killed Blork the orc
  3150 | D:4      | Reached XP level 6. HP: 5/53 MP: 8/8
  3151 | D:4      | HP: 3/79 [howler monkey (4)]
  3153 | D:4      | Reached skill level 5 in Armour
  3153 | D:4      | Reached skill level 5 in Dodging
  3363 | D:4      | Found Rimpukh's Book Emporium.
  3470 | D:4      | Noticed Ijyb
  3487 | D:4      | Killed Ijyb
  3493 | D:4      | HP: 1/53 [acid (2)]
  3891 | D:4      | Reached XP level 7. HP: 58/59 MP: 10/10
  3993 | D:4      | Identified the +8 mace of Imbalance {venom, *Slow Str+5}
  4234 | D:5      | Entered Level 5 of the Dungeon
  5681 | D:5      | Reached XP level 8. HP: 63/67 MP: 12/12
  6158 | D:6      | Noticed WaxSun's ghost (novice FoCK)
  6160 | D:6      | Noticed a two-headed ogre
  6178 | D:6      | Found a transporter.
  6180 | D:6      | Found a transporter.
  6357 | D:6      | Found a staircase to the Ecumenical Temple.
  6607 | D:6      | Found Junyoh's Neck Hole.
  6931 | D:7      | Noticed a six-headed hydra
  6944 | D:7      | Killed a six-headed hydra
  6945 | D:7      | Reached XP level 9. HP: 39/73 MP: 13/15
  7274 | D:7      | Found a flagged portal.
  7285 | Bailey   | Entered a bailey
  7894 | Bailey   | Slain by a gnoll

Illustrated notes

Levels and vault maps discovered:
D:1:      saegor_arrival_simple_d, layout_basic, st_stairs_1
D:2:      layout_loops_cross, columned_hall_lemuel, uniq_robin
D:3:      layout_basic, ebering_ecumenical_altar_hall
D:4:      layout_basic, gup_sewer_entry_spiral, serial_shops, shop_statue,
          uniq_ijyb, uniq_blork_the_orc
D:5:      layout_loops_ring, minivault_1
D:6:      layout_cave_pods, temple_statues, gammafunk_ghost_smash,
          nicolae_shop_sticking_my_neck_out
D:7:      layout_basic, enter_bailey_2, chequers_avenue,
          kennysheep_another_room, grunt_decor_cap
Bailey:   bailey_polearm_gnolls_kennysheep, bailey

Skill      XL: |  1  2  3  4  5  6  7  8  9 |
---------------+----------------------------+-----
Invocations    | 1 2 3 4 |  4.9
Short Blades   | 1 2 4 |  4.5
Long Blades    | 1 2 4 |  4.5
Axes           | 1 2 4 |  4.5
Maces & Flails | 1 2 4 |  4.5
Staves         | 1 2 4 |  4.5
Slings         | 1 2 4 |  4.5
Bows           | 1 2 4 |  4.5
Crossbows      | 1 2 4 |  4.5
Throwing       | 1 2 4 |  4.5
Stealth        | 1 2 4 |  4.5
Shields        | 1 2 4 |  4.5
Unarmed Combat | 1 2 4 |  4.5
Spellcasting   | 1 2 4 |  4.5
Evocations     | 1 2 4 |  4.5
Conjurations   | 1 2 3 |  3.7
Hexes          | 1 2 3 |  3.7
Summonings     | 1 2 3 |  3.7
Necromancy     | 1 2 3 |  3.7
Translocations | 1 2 3 |  3.7
Transmutations | 1 2 3 |  3.7
Fire Magic     | 1 2 3 |  3.7
Ice Magic      | 1 2 3 |  3.7
Air Magic      | 1 2 3 |  3.7
Earth Magic    | 1 2 3 |  3.7
Poison Magic   | 1 2 3 |  3.7
Armour         | 5 6 |  6.5
Dodging        | 5 6 |  6.5
Fighting       | 7 8 |  8.0
Polearms       | 7 8 |  8.0

Action                   |  1- 3 |  4- 6 |  7- 9 || total
-------------------------+-------+-------+-------++-------
Melee: Spear             |   164 |   257 |   308 ||   729
       Bite              |    15 |    28 |    21 ||    64
       Punch             |     1 |     1 |     7 ||     9
       Dagger            |       |    19 |    39 ||    58
Throw: Stone             |       |       |     7 ||     7
Invok: Berserk           |       |     2 |     8 ||    10
       Trog's Hand       |       |     1 |     6 ||     7
  Use: Scroll            |       |       |    15 ||    15
 Stab: Sleeping          |     1 |     1 |     1 ||     3
Armor: Animal skin       |    13 |       |       ||    13
       Scale mail        |     8 |    86 |       ||    94
       Leather armour    |       |     4 |    16 ||    20
       Chain mail        |       |       |   101 ||   101
       Plate armour      |       |       |    37 ||    37
Dodge: Dodged            |    64 |   120 |   154 ||   338
